Map: 2000 Atmospheres LE

Players

DPGRogue (Rogue)

  • Race: Zerg Zerg

Classic - Winner!

  • Race: Protoss Protoss
  • League: Master

Event: StayAtHome Story Cup #4

VOD

Have the link to the VOD?

Description

Time

  • Played on: Oct. 22, 2021, 8:12 a.m.
  • Length: 8:12

All games in this series

Show
View Real Time Build Order
Export as new Build Order

DPGRogue Zerg 

Build Orders: Hatch First 

Get SALT Encoding   

  12  0:00  Drone  
  13  0:12  Overlord  
  13  0:16  Drone  
  14  0:30  Drone x2  
  16  0:47  Hatchery  
  15  0:50  Drone  
  15  0:54  Drone  
  17  0:58  Drone  
  18  1:08  Extractor  
  17  1:13  Spawning Pool  
  17  1:15  Drone  
  17  1:19  Drone  
  18  1:29  Drone  
  19  1:39  Drone  
  20  1:50  Drone  
  20  1:53  Hatchery  
  20  2:00  Queen  
  22  2:04  Drone  
  22  2:08  Drone  
  24  2:10  Drone  
  24  2:14  Overlord  
  25  2:23  Queen  
  25  2:26  Drone  
  28  2:34  Zergling x4  
  28  2:35  Drone  
  31  2:39  Queen  
  31  2:43  Metabolic Boost  
  33  2:47  Drone  
  33  2:48  Drone  
  35  2:53  Drone  
  36  3:04  Queen  
  36  3:05  Overlord  
  38  3:06  Drone x2  
  38  3:08  Drone  
  42  3:20  Drone, Overlord  
  42  3:22  Spore Crawler  
  42  3:23  Queen  
  42  3:26  Drone x2  
  45  3:28  Drone  
  45  3:30  Drone  
  45  3:33  Spore Crawler  
  46  3:36  Drone  
  46  3:37  Drone  
  46  3:38  Drone  
  46  3:41  Drone  
  50  3:43  Spore Crawler  
  50  3:46  Drone x2  
  50  3:55  Drone  
  50  3:56  Drone x5  
  50  4:00  Overlord  
  55  4:04  Overlord  
  55  4:05  Drone  
  55  4:06  Drone  
  55  4:09  Evolution Chamber  
  56  4:11  Overlord  
  56  4:14  Overlord  
  56  4:20  Zergling x4  
  56  4:22  Overlord  
  58  4:28  Zergling x2  
  58  4:29  Zergling x4  
  58  4:30  Drone x3  
  64  4:32  Drone  
  64  4:33  Drone  
  64  4:36  Drone x2, Zerg Melee Weapons Level 1  
  68  4:43  Drone  
  68  4:44  Drone x3  
  68  4:45  Drone  
  73  4:47  Drone  
  73  4:48  Overlord x2  
  73  4:50  Drone  
  73  4:51  Extractor  
  74  4:53  Queen  
  76  5:00  Overlord  
  76  5:03  Lair, Roach Warren  
  75  5:09  Drone x6  
  75  5:12  Drone x2, Extractor  
  75  5:13  Extractor  
  82  5:14  Drone, Extractor x2  
  82  5:17  Drone x2  
  82  5:22  Drone x2  
  82  5:25  Drone x2  
  82  5:26  Drone x2  
  88  5:29  Overlord  
  88  5:38  Evolution Chamber  
  87  5:47  Drone x2  
  87  5:48  Drone  
  88  5:50  Spore Crawler  
  88  5:53  Hatchery, Roach x8  
  103  5:59  Overlord, Baneling Nest  
  103  6:00  Overlord  
  103  6:02  Drone  
  103  6:05  Overseer  
  103  6:06  Glial Reconstitution  
  103  6:09  Drone x4  
  103  6:10  Drone  
  108  6:13  Overlord  
  108  6:14  Ravager  
  108  6:15  Ravager x3  
  108  6:16  Zergling x4  
  108  6:18  Overlord  
  113  6:21  Overlord  
  113  6:27  Zergling x10  
  118  6:38  Hatchery  
  118  6:39  Zergling x6  
  119  6:41  Zergling x2  
  119  6:45  Zergling x8  
  119  6:47  Zergling x2  
  122  6:52  Centrifugal Hooks  
  119  6:55  Ravager x2  
  119  6:56  Ravager  
  119  6:57  Roach x2, Zergling x6  
  119  6:58  Zergling x2  
  129  7:01  Zergling x2  
  129  7:02  Zergling x2  
  129  7:03  Zergling x2  
  129  7:06  Zergling x2  
  128  7:10  Zergling x2  
  128  7:13  Zergling x4  
  120  7:16  Roach  
  120  7:21  Roach x6  
  118  7:24  Roach x2  
  118  7:26  Roach  
  118  7:27  Ravager x2  
  118  7:29  Roach  
  124  7:34  Roach x2  
  124  7:36  Roach  
  130  7:40  Hatchery  
  130  7:43  Overlord, Roach  
  129  7:47  Overlord  
  129  7:50  Roach  
Show
View Real Time Build Order
Export as new Build Order

Classic Protoss - Winner!

Build Orders: 1 Gate Expand, Oracle Opening 

Get SALT Encoding   

  12  0:00  Probe  
  13  0:12  Probe  
  14  0:19  Pylon  
  14  0:24  Probe  
  15  0:37  Probe (Chrono Boost)  
  15  0:38  Gateway  
  16  0:46  Probe (Chrono Boost), Assimilator  
  17  0:51  Probe (Chrono Boost)  
  18  1:03  Probe  
  19  1:15  Probe  
  20  1:22  Nexus  
  20  1:27  Probe  
  21  1:36  Cybernetics Core  
  21  1:39  Probe  
  22  1:45  Assimilator  
  22  1:51  Pylon  
  22  1:53  Probe  
  23  2:09  Probe  
  23  2:12  Adept (Chrono Boost)  
  23  2:13  Stargate  
  26  2:21  Probe (Chrono Boost)  
  27  2:24  Warp Gate  
  27  2:33  Probe (Chrono Boost)  
  27  2:35  Adept  
  27  2:36  Probe (Chrono Boost)  
  31  2:41  Probe (Chrono Boost)  
  31  2:44  Probe (Chrono Boost)  
  33  2:49  Probe x2 (Chrono Boost)  
  35  2:57  Oracle (Chrono Boost)  
  38  3:01  Probe x2  
  38  3:03  Pylon  
  40  3:13  Probe x2  
  40  3:14  Gateway  
  42  3:22  Void Ray (Chrono Boost)  
  42  3:25  Probe  
  42  3:26  Probe  
  48  3:37  Probe  
  48  3:38  Probe  
  50  3:42  Nexus  
  50  3:45  Pylon  
  50  3:49  Probe  
  50  3:50  Probe  
  52  3:59  Assimilator  
  52  4:01  Assimilator, Probe  
  52  4:02  Probe  
  54  4:07  Forge, Twilight Council  
  54  4:13  Probe  
  54  4:14  Probe  
  54  4:15  Pylon  
  56  4:21  Sentry  
  58  4:25  Probe  
  58  4:26  Probe  
  58  4:28  Gateway x2  
  60  4:37  Probe  
  60  4:38  Probe, Protoss Ground Weapons Level 1 (Chrono Boost)  
  62  4:47  Blink  
  62  4:50  Probe x2 (Chrono Boost)  
  64  4:54  Robotics Facility  
  64  4:55  Probe (Chrono Boost)  
  65  5:02  Probe (Chrono Boost)  
  65  5:03  Probe (Chrono Boost)  
  65  5:06  Probe (Chrono Boost)  
  68  5:07  Sentry x2  
  68  5:09  Probe (Chrono Boost)  
  68  5:10  Probe (Chrono Boost)  
  68  5:11  Probe (Chrono Boost)  
  75  5:16  Probe  
  75  5:17  Probe  
  75  5:21  Probe  
  78  5:23  Gateway x2  
  78  5:24  Pylon  
  78  5:28  Probe  
  79  5:29  Probe  
  79  5:31  Gateway, Assimilator  
  79  5:33  Probe  
  79  5:34  Gateway  
  79  5:35  Sentry, Assimilator  
  83  5:36  Sentry  
  83  5:39  Pylon  
  85  5:43  Warp Prism (Chrono Boost)  
  87  5:57  Sentry, Stalker, Pylon x2  
  89  6:01  Probe x3  
  89  6:02  Photon Cannon  
  94  6:04  Stalker x2  
  94  6:10  Pylon  
  98  6:12  Pylon  
  98  6:14  Observer (Chrono Boost)  
  99  6:24  Stalker x4  
  107  6:27  Stalker x2  
  107  6:28  Stalker  
  107  6:30  Stalker  
  115  6:40  Pylon  
  111  6:52  Probe x3  
  111  6:53  Stalker x5  
  111  6:54  Stalker x2  
  127  6:57  Stalker  
  123  7:18  Stalker x6  
  129  7:25  Stalker  
  129  7:26  Stalker  
  129  7:29  Pylon  
  133  7:44  Pylon  
  133  7:47  Stalker x6  
  133  7:48  Stalker  
  133  7:49  Stalker  
  149  7:53  Pylon  
Tags
 
Add a new tag
Caveats
  • Supply blocks, unpowered buildings, or Contaminate may cause inaccurate times.
  • Supply counts are checked every 10 seconds.